AoeStats
← luciano.collari

Arena

509948429Analyzed
1v1 RM · 3d ago on Sep 28, 2026· 43m 45s· 2 players
Game mode
Random Map
Map size
Tiny (2 player)
Population
200
Speed
Normal
Resources
Standard
Victory
Conquest
Starting age
Dark Age
Ending age
Imperial Age
RankedLock teamsTeams togetherTeam positionsShared explorationLock speedFull tech treeHidden civsTurbo modeCheats
Victory
Defeat
🇪🇸 Japanese · Spain
1228
+17
🇨🇱 Magyars · Chile
1249
-17
samuelfananas
11:28 Feudal Age
12:56 Wheelbarrow
15:28 Castle Age
13:28 Double-Bit Axe
13:37 Horse Collar
15:39 Loom
17:20 Bow Saw
17:36 Loom
21:01 Gold Mining
21:29 Heavy Plow
22:22 Stone Mining
22:35 Padded Archer Armor
22:25 Fletching
23:51 Leather Archer Armor
23:26 Pikeman
24:13 Crossbowman
25:16 Bodkin Arrow
26:20 Thumb Ring
28:10 Ballistics
31:53 Imperial Age
29:39 Hand Cart
29:42 Forging
29:32 Scale Mail Armor
30:04 Scale Mail Armor
29:55 Gambesons
32:11 Iron Casting
31:51 Chain Mail Armor
31:25 Elite Skirmisher
32:54 Gold Shaft Mining
33:09 Conscription
32:32 Arbalester
34:56 Chemistry
33:53 Murder Holes
34:08 Bracer
34:38 Ring Archer Armor
35:48 Halberdier
37:36 Blast Furnace
36:51 Chain Mail Armor
38:18 Squires
38:54 Kataparuto
38:55 Conscription
luciano.collari
10:33 Feudal Age
14:28 Castle Age
13:15 Double-Bit Axe
13:14 Horse Collar
18:56 Loom
21:24 Wheelbarrow
21:16 Gold Mining
21:38 Heavy Plow
22:28 Gold Mining
22:56 Bow Saw
24:25 Fletching
24:41 Scale Barding Armor
25:11 Hand Cart
24:44 Town Watch
26:57 Ballistics
27:36 Chain Barding Armor
30:15 Imperial Age
28:03 Bodkin Arrow
28:21 Masonry
30:26 Padded Archer Armor
30:33 Light Cavalry
31:59 Bracer
33:17 Chemistry
34:08 Plate Barding Armor
33:46 Bloodlines
34:17 Thumb Ring
36:07 Leather Archer Armor
36:36 Husbandry
36:33 Heavy Cavalry Archer
38:20 Ring Archer Armor
39:24 Recurve Bow
40:43 Hussar
Connection lost

Rejoining the realm…

Still unreachable

The connection could not be restored.

Session expired

The server has moved on; the page needs a fresh start.